 Dungeon Crawl Stone Soup version 0.28.0 (webtiles) character file.

Game seed: 7084323281334202573

2 themarg the Caller (level 1, -2/13 HPs)
             Began as a Merfolk Summoner on Feb 13, 2022.
             Slain by a jackal (3 damage)
             ... on level 1 of the Dungeon.
             The game lasted 00:02:02 (103 turns).

themarg the Caller (Merfolk Summoner)                Turns: 103, Time: 00:02:02

Health: -2/13      AC:  2    Str:  8    XL:     1   Next: 40%
Magic:  1/3        EV: 12    Int: 14    God:
Gold:   13         SH:  0    Dex: 14    Spells: 3/4 levels left

rFire   . . .      SeeInvis .   (no weapon)
rCold   . . .      Faith    .   (no shield)
rNeg    . . .      Spirit   .   a - +0 robe
rPois   .          Reflect  .   (no helmet)
rElec   .          Harm     .   (no cloak)
rCorr   .          Rampage  .   (no gloves)
Will    .....                   (no boots)
Stlth   ++........              (no amulet)
HPRegen 0.04/turn               (no ring)
MPRegen 0.08/turn               (no ring)

@: no status effects
A: (nimble swimmer 2), mertail
a: no special abilities


You were on level 1 of the Dungeon.
You visited 1 branch of the dungeon, and saw 1 of its levels.

You collected 13 gold pieces.

Inventory:

Armour
 a - a +0 robe (worn)


   Skills:
 + Level 2.7 Dodging
 + Level 2.2 Stealth
 + Level 2.0 Spellcasting
 + Level 4.1 Summonings


You had 3 spell levels left.
You knew the following spells:

 Your Spells              Type           Power      Damage    Failure   Level
a - Summon Small Mammal   Summ           48%        N/A       4%          1

Your spell library contained the following spells:

 Spells                   Type           Power      Damage    Failure   Level
 Call Imp                 Summ           12%        N/A       7%          2
 Call Canine Familiar     Summ           12%        N/A       13%         3
 Summon Guardian Golem    Hex/Summ       7%         N/A       30%         3
 Summon Lightning Spire   Summ/Air       7%         N/A       71%         4


Dungeon Overview and Level Annotations

Branches:
Dungeon (1/15)

Altars:


Innate Abilities, Weirdness & Mutations

((You are very nimble when in or above water. (Stealth+, EV+, Speed+++)))
Your lower body shifts to a powerful aquatic tail in water.


Message History

The jackal barely misses you. The jackal bites your bat.
Your bat hits the jackal.
Your bat barely misses the jackal.
The jackal barely misses your bat.
Your magical contamination has completely faded away.
The jackal bites your bat but does no damage.
The jackal barely misses you.
Your bat hits the jackal but does no damage.
Your bat misses the jackal. The jackal completely misses your bat.
Your bat barely misses the jackal.
The jackal bites your bat but does no damage.
Your bat closely misses the jackal.
The jackal bites your bat.
Your bat dies!
Your bat's corpse disappears in a puff of smoke!
The jackal closely misses you.
The jackal barks!
The jackal bites you. The jackal closely misses you.
Casting: Summon Small Mammal (safe; 4% risk of failure)
Confirm with . or Enter, or press ? or * to list all spells.
The jackal closely misses you.
You hit the jackal but do no damage. The jackal bites you.
* * * LOW HITPOINT WARNING * * *
The jackal barely misses your rat.
The jackal bites you but does no damage.
The jackal closely misses your rat.
Your rat bites the jackal but does no damage.
The jackal barely misses your rat. The jackal barely misses you.
Your rat barely misses the jackal.
The jackal bites your rat but does no damage. x2
The jackal closely misses you.
Your rat barely misses the jackal.
The jackal barely misses your rat. The jackal barely misses you.
Your rat bites the jackal but does no damage.
Your rat barely misses the jackal.
The jackal barely misses you. The jackal closely misses you.
The jackal stops to sniff the ground.
The jackal bites you.
* * * LOW HITPOINT WARNING * * *
The jackal misses you. The jackal bites you.
You die...

.............#.......##
.###...####..........#
##.## #....∩.....# #.#
#..........# #.#
#....<.....# #.#
##....>.....# #####.#
#...⌠...⌠...#
.........###..........##
#.#......@hh.r.......##
#.###..#####..###### #
#..# #..# #..# #..# #..#
#..# #..# #..# #.. #..#
#.# #..#


You could see 2 jackals and a friendly rat (summoned).

Vanquished Creatures (collateral kills)
  2 jackals (D:1)
2 creatures vanquished.

Notes
Turn   | Place    | Note
-------+----------+-------------------------------------------
     0 | D:1      | themarg the Merfolk Summoner began the quest for the Orb.
     0 | D:1      | Reached XP level 1. HP: 13/13 MP: 3/3
   103 | D:1      | Slain by a jackal

Illustrated notes

Levels and vault maps discovered:
D:1:      wander_arrival_desolate, layout_loops_ring,
          ebering_ecumenical_altar_hall, minmay_stone_trees_small

Action                   || total
-------------------------++-------
Melee: Unarmed           ||     6
 Cast: Summon Small Mamm ||     7
Armor: Robe              ||     4
Dodge: Dodged            ||    19
